Map: Shrines of Lizul

Players

ILIEKEGGPIE

  • Race: Protoss Protoss
  • League: Platinum
  • Spawn Location: 3:00

froniu

  • Race: Zerg Zerg
  • Spawn Location: 12:00

NoOne

  • Race: Terran Terran
  • Spawn Location: 6:00

veryfree

  • Race: Zerg Zerg
  • League: Platinum
  • Spawn Location: 9:00

VOD

Have the link to the VOD?

Description

Time

  • Played on: May 26, 2018, 11:25 a.m.
  • Length: 13:03
Show
View Real Time Build Order
Export as new Build Order

ILIEKEGGPIE Protoss 

Build Orders:  

Get SALT Encoding   

  12  0:00  Probe  
  13  0:13  Probe  
  14  0:19  Pylon  
  14  0:23  Probe  
  15  0:33  Probe  
  15  0:42  Gateway  
  16  0:43  Probe  
  17  0:55  Probe  
  17  0:56  Assimilator  
  18  1:10  Pylon  
  18  1:13  Gateway  
  18  1:19  Probe  
  19  1:31  Probe  
  19  1:32  Cybernetics Core  
  20  1:43  Probe  
  20  1:44  Assimilator  
  21  1:55  Probe  
  22  2:02  Stalker x2  
  26  2:16  Warp Gate  
  26  2:29  Nexus  
  26  3:01  Stalker, Pylon  
  26  3:02  Stalker  
  30  3:10  Probe  
  31  3:22  Probe  
  31  3:23  Stargate  
  33  3:34  Probe  
  33  3:41  Stalker  
  33  3:46  Stalker  
  37  4:07  Probe x2  
  39  4:17  Phoenix  
  39  4:29  Stargate, Probe x2  
  43  4:35  Adept  
  45  4:41  Probe x2  
  47  4:53  Probe  
  47  4:54  Probe  
  47  4:59  Assimilator  
  49  5:04  Pylon  
  49  5:05  Assimilator, Probe  
  49  5:06  Probe  
  51  5:08  Phoenix  
  53  5:14  Phoenix  
  53  5:18  Probe  
  54  5:21  Pylon  
  54  5:22  Probe  
  54  5:27  Phoenix  
  57  5:30  Probe  
  57  5:34  Probe  
  61  5:42  Probe  
  62  5:46  Probe  
  62  5:47  Phoenix  
  65  5:50  Stalker x2  
  65  5:54  Probe  
  70  6:08  Pylon  
  70  6:10  Pylon  
  70  6:26  Phoenix x2, Probe  
  59  7:08  Stalker x2  
  60  7:29  Phoenix  
  60  7:30  Phoenix  
  60  7:34  Stalker x2  
  68  7:40  Nexus  
  68  7:43  Pylon  
  68  7:45  Probe  
  68  7:46  Phoenix x2, Pylon  
  68  7:49  Probe  
  74  8:07  Probe  
  74  8:08  Probe  
  74  8:10  Pylon  
  76  8:13  Pylon  
  76  8:19  Pylon  
  76  8:23  Pylon  
  74  8:36  Phoenix x2  
  78  8:42  Stargate  
  78  8:44  Stargate  
  78  8:45  Pylon  
  74  9:02  Robotics Facility  
  74  9:03  Probe  
  74  9:04  Robotics Facility, Probe  
  74  9:06  Twilight Council, Probe  
  77  9:11  Probe  
  77  9:12  Probe  
  77  9:15  Assimilator  
  79  9:17  Assimilator  
  79  9:18  Probe  
  79  9:19  Pylon  
  79  9:21  Pylon  
  80  9:25  Gateway  
  80  9:28  Gateway  
  80  9:30  Gateway, Probe  
  81  9:32  Shield Battery  
  81  9:38  Shield Battery  
  81  9:51  Robotics Bay  
  81  10:06  Observer x2  
  79  10:27  Forge  
  79  10:29  Twilight Council, Extended Thermal Lance  
  79  10:31  Colossus x2, Forge  
  91  10:45  Gateway  
  91  10:46  Stalker x3  
  91  10:47  Stalker  
  91  10:48  Gateway  
  99  10:57  Charge  
  99  11:13  Adept  
  99  11:14  Adept x4  
  109  11:20  Pylon  
  109  11:23  Pylon  
  97  11:50  Templar Archives  
  97  11:52  Zealot x4  
  97  11:53  Zealot  
  107  12:00  Pylon  
  107  12:01  Phoenix x2  
  111  12:03  Pylon  
  123  12:26  Phoenix x2  
  127  12:30  Pylon  
  127  12:31  High Templar x2  
  127  12:32  Pylon  
  127  12:33  High Templar  
  86  12:54  Stalker x4  
Show
View Real Time Build Order
Export as new Build Order

froniu Zerg 

Build Orders: Pool First 

Get SALT Encoding   

  12  0:01  Drone  
  13  0:14  Overlord  
  13  0:27  Drone  
  14  0:36  Drone x2  
  16  0:51  Drone x2  
  16  0:54  Spawning Pool  
  17  1:01  Drone  
  18  1:06  Extractor  
  17  1:11  Drone  
  18  1:23  Drone  
  19  1:39  Drone  
  20  1:48  Overlord  
  20  1:49  Hatchery  
  19  2:03  Zergling x2  
  20  2:15  Zergling x2  
  20  2:16  Zergling x2  
  22  2:24  Queen  
  22  2:29  Metabolic Boost  
  24  2:31  Zergling x2  
  24  2:35  Roach Warren  
  24  2:48  Drone x2  
  26  3:06  Drone  
  26  3:08  Queen  
  26  3:09  Overlord  
  26  3:12  Zergling x2  
  30  3:20  Zergling x2  
  27  3:41  Spine Crawler  
  17  3:48  Zergling x2  
  17  3:49  Zergling x8  
  11  4:11  Drone x4  
  11  4:13  Drone x3  
  16  4:30  Drone  
  17  4:31  Drone x2  
  21  4:48  Zergling x8  
  21  4:50  Drone  
  24  5:00  Drone  
  24  5:01  Queen  
  27  5:10  Roach  
  27  5:11  Roach x2  
  33  5:27  Drone x2  
  33  5:28  Drone  
  36  5:30  Drone x2  
  38  5:49  Drone  
  40  5:50  Drone x2  
  40  5:51  Roach  
  40  5:53  Overlord  
  43  6:16  Zergling x2  
  43  6:17  Zergling x14  
  43  6:18  Overlord  
  34  7:10  Zergling x2  
  34  7:11  Zergling x10  
  40  7:31  Queen  
  42  7:39  Extractor  
  41  7:45  Zergling x6  
  41  7:47  Drone  
  41  7:48  Drone x4  
  49  8:06  Hatchery  
  48  8:16  Roach x6  
  60  8:31  Hatchery  
  60  8:33  Drone  
  60  8:35  Overlord x3  
  60  8:55  Lair  
  60  9:00  Overlord x2  
  60  9:05  Roach x4  
  68  9:15  Extractor  
  67  9:21  Queen  
  67  9:23  Drone  
  70  9:35  Drone x4  
  70  9:36  Drone  
  70  9:37  Drone  
  70  9:38  Drone x4  
  80  9:56  Drone x2  
  80  9:58  Drone x3  
  85  10:13  Hydralisk Den  
  84  10:21  Drone x2  
  86  10:22  Drone x2  
  88  10:31  Evolution Chamber  
  87  10:36  Evolution Chamber  
  87  10:38  Roach, Zergling x4  
  87  10:39  Roach x3, Zergling x4  
  87  10:40  Roach  
  100  10:44  Drone x2  
  100  10:46  Drone x3  
  100  10:48  Queen  
  100  10:49  Overlord x3  
  107  10:56  Overseer  
  107  11:01  Hydralisk  
  111  11:17  Hydralisk x7  
  57  11:57  Hydralisk x8  
  69  12:21  Hydralisk x2  
  69  12:22  Hydralisk x3  
Show
View Real Time Build Order
Export as new Build Order

NoOne Terran 

Build Orders: Cyclone Opening 

Get SALT Encoding   

  12  0:01  SCV  
  13  0:13  SCV  
  14  0:18  Supply Depot  
  14  0:26  SCV  
  15  0:32  Refinery  
  15  0:40  SCV  
  16  0:46  Barracks  
  16  0:52  SCV  
  17  1:09  SCV  
  17  1:10  Refinery  
  18  1:21  SCV  
  19  1:36  Marine, Factory  
  20  1:41  Supply Depot  
  20  1:42  Orbital Command  
  20  1:55  Barracks Reactor  
  20  2:08  SCV  
  21  2:23  SCV  
  22  2:35  SCV  
  23  2:38  Cyclone x2  
  23  2:41  Supply Depot  
  29  2:48  SCV, Factory  
  30  2:55  Barracks Reactor  
  30  3:00  SCV  
  31  3:12  SCV  
  32  3:22  Engineering Bay  
  32  3:39  Marine x2  
  31  3:57  Marine x2  
  36  4:04  Command Center  
  36  4:07  Factory Tech Lab  
  36  4:08  Cyclone  
  36  4:09  SCV  
  34  4:21  Starport, SCV  
  35  4:24  Marine x2  
  35  4:27  Terran Infantry Weapons Level 1  
  35  4:30  Supply Depot  
  37  4:33  SCV  
  38  4:43  Missile Turret  
  38  4:46  SCV  
  38  4:49  Marine  
  38  4:51  Marine, Siege Tank  
  38  4:52  Hellion  
  44  4:58  SCV  
  45  5:01  Medivac, Missile Turret  
  47  5:15  Marine, SCV  
  47  5:16  Barracks  
  47  5:19  Cyclone  
  52  5:25  Orbital Command  
  52  5:32  SCV  
  52  5:34  Starport Reactor  
  53  5:38  Marine  
  53  5:40  Supply Depot  
  54  5:43  Marine  
  54  5:44  SCV  
  56  5:56  Marine, SCV  
  58  5:57  Siege Tank  
  58  6:01  Marine  
  58  6:02  Hellion  
  64  6:11  SCV  
  66  6:15  Barracks Tech Lab  
  65  6:31  Marine x2  
  67  6:41  SCV  
  68  6:49  Marine x2  
  68  6:50  Marine  
  68  6:53  Siege Tank  
  70  6:54  Widow Mine  
  70  6:56  Widow Mine  
  70  6:57  SCV  
  70  6:58  Viking  
  70  7:03  SCV  
  70  7:04  Missile Turret  
  70  7:06  Marine  
  70  7:07  Marine, Viking  
  70  7:08  Marine  
  69  7:09  Refinery x2, SCV  
  70  7:15  Stimpack  
  70  7:22  Starport  
  70  7:28  Supply Depot  
  70  7:29  Supply Depot  
  70  7:36  Missile Turret  
  70  7:37  Terran Infantry Armor Level 1  
  70  7:50  Widow Mine, Marine x3, SCV x2  
  77  7:51  Widow Mine  
  77  7:52  Widow Mine  
  77  7:54  Viking  
  83  8:02  SCV x2  
  85  8:06  Supply Depot, Missile Turret  
  85  8:07  Marine  
  85  8:08  Supply Depot  
  86  8:26  Missile Turret  
  86  8:28  Widow Mine x3, Marine, SCV  
  86  8:30  Marine x2, SCV, Viking  
  86  8:32  Supply Depot  
  99  8:40  Armory, SCV  
  100  8:42  SCV  
  101  8:52  SCV  
  101  8:53  Marine, Viking  
  101  8:54  SCV  
  106  8:58  Marine x2  
  106  9:00  Widow Mine  
  110  9:07  Supply Depot  
  110  9:09  Supply Depot  
  110  9:10  Starport Tech Lab  
  110  9:28  Marine x3  
  110  9:29  Terran Ship Weapons Level 1, SCV, Viking x2  
  110  9:30  SCV  
  110  9:31  Widow Mine x2  
  123  9:34  Supply Depot, Combat Shields  
  123  9:35  Supply Depot  
  123  9:39  Drilling Claws  
  124  9:46  Marine  
  124  9:48  Marine x2  
  126  10:05  Barracks  
  126  10:14  Marine  
  126  10:15  SCV  
  126  10:16  Marine  
  126  10:17  Raven  
  126  10:29  Supply Depot x2  
  126  10:36  Supply Depot  
  126  10:39  Supply Depot  
  126  10:51  Medivac x2, Marine x3, SCV x2, Widow Mine x2, Siege Tank  
  139  11:04  Barracks Tech Lab  
  139  11:08  Marine x3  
  142  11:17  Command Center  
  142  11:24  SCV  
  143  11:26  Marine x3  
  143  11:31  Widow Mine x2  
  146  11:41  Liberator x3  
  146  11:44  Marine x3  
  137  11:56  Siege Tank  
  137  11:57  Widow Mine x2  
  137  11:59  SCV  
  154  12:02  Marine x3  
  154  12:06  Barracks  
  157  12:09  Barracks  
  157  12:10  Supply Depot  
  157  12:11  Supply Depot  
  157  12:20  SCV  
Show
View Real Time Build Order
Export as new Build Order

veryfree Zerg 

Build Orders: Pool First, Lurkers 

Get SALT Encoding   

  12  0:01  Drone  
  13  0:17  Overlord  
  13  0:19  Drone  
  14  0:36  Drone  
  14  0:37  Drone  
  16  0:53  Extractor  
  16  0:56  Spawning Pool, Drone  
  16  0:57  Drone  
  16  1:05  Drone  
  17  1:14  Drone  
  18  1:30  Hatchery  
  17  1:36  Drone  
  17  1:37  Drone  
  19  1:49  Queen  
  19  1:52  Overlord  
  21  1:59  Metabolic Boost  
  21  2:10  Zergling x2  
  21  2:11  Zergling x2  
  23  2:20  Baneling Nest  
  23  2:21  Zergling x2  
  23  2:27  Queen  
  25  2:42  Zergling x2  
  25  2:43  Zergling x2  
  27  2:52  Drone x2  
  29  2:59  Overlord  
  29  3:01  Drone x3  
  29  3:03  Zergling x2  
  33  3:09  Zergling x2  
  34  3:18  Zergling x2  
  34  3:19  Zergling x2  
  36  3:38  Overlord  
  36  3:39  Zergling x2  
  36  3:40  Zergling x4  
  38  3:46  Zergling x10  
  37  3:57  Spore Crawler  
  37  4:02  Drone x3  
  37  4:10  Zergling x2  
  35  4:27  Zergling x2  
  35  4:28  Zergling x6  
  39  4:32  Baneling x2  
  39  4:33  Baneling  
  39  4:36  Lair  
  39  4:40  Drone x4  
  39  4:45  Zergling x6  
  45  4:46  Zergling x2  
  47  5:00  Overlord  
  47  5:02  Drone  
  47  5:06  Spine Crawler  
  47  5:11  Overlord  
  47  5:21  Extractor  
  47  5:22  Drone x3  
  47  5:23  Drone x4  
  53  5:29  Spore Crawler  
  52  5:36  Baneling x3  
  52  5:48  Zergling x6  
  52  5:49  Zergling x2  
  56  5:51  Extractor  
  56  5:55  Evolution Chamber  
  54  6:07  Centrifical Hooks, Hydralisk Den  
  54  6:08  Overlord  
  54  6:09  Drone  
  54  6:10  Drone x2  
  54  6:11  Zergling x4  
  58  6:34  Zergling x8  
  56  7:02  Zergling x4  
  48  7:22  Grooved Spines  
  44  7:27  Spore Crawler  
  44  7:29  Drone x5  
  48  7:30  Drone  
  49  7:40  Extractor  
  48  7:47  Hatchery  
  48  7:50  Zerg Ground Armor Level 1  
  47  7:57  Spore Crawler  
  46  8:06  Lurker Den  
  46  8:10  Overlord x2  
  46  8:11  Drone x4  
  49  8:15  Spore Crawler  
  47  8:21  Spore Crawler, Hydralisk  
  47  8:22  Hydralisk x7  
  62  8:41  Overlord  
  62  8:42  Overlord x2  
  62  8:43  Spore Crawler  
  62  8:47  Spore Crawler  
  60  9:05  Drone x3  
  60  9:06  Drone x3  
  60  9:07  Drone x2  
  68  9:13  Muscular Augments  
  68  9:20  Drone x4  
  68  9:21  Drone x5  
  77  9:25  Spore Crawler, Overlord x2  
  77  9:27  Queen  
  78  9:32  Extractor  
  78  9:34  Extractor  
  78  9:35  Spore Crawler  
  78  9:36  Drone x3  
  78  9:46  Drone x5  
  78  9:49  Hydralisk x4  
  91  9:53  Drone  
  92  10:02  Overlord  
  92  10:03  Overlord  
  92  10:06  Zerg Missile Weapons Level 1  
  92  10:09  Hydralisk x2  
  92  10:10  Hydralisk  
  98  10:16  Overseer x3  
  98  10:24  Lurker x3  
  98  10:25  Lurker x5  
  98  10:27  Hydralisk  
  98  10:28  Hydralisk  
  110  10:30  Hydralisk  
  112  10:35  Zergling x4  
  112  10:36  Zergling x4  
  112  10:37  Zergling x2  
  112  10:40  Baneling  
  112  10:41  Baneling x6  
  117  10:43  Zergling x2  
  118  10:52  Hydralisk  
  118  10:53  Hydralisk  
  122  11:17  Overlord x4  
  121  11:22  Overlord x2  
  121  11:23  Overlord  
  121  11:32  Overlord x2  
  121  11:38  Hydralisk x6  
  130  11:52  Hydralisk x4  
  138  12:09  Hydralisk x4  
  132  12:27  Zergling x2  
  132  12:28  Zergling x10  
  138  12:34  Hydralisk  
  138  12:35  Hydralisk  
Tags
 
Add a new tag
Caveats
  • Supply blocks, unpowered buildings, or Contaminate may cause inaccurate times.
  • Supply counts are checked every 10 seconds.